[Event "ICC tourney 3254 (40 10)"]
[Site "Internet Chess Club"]
[Date "2023.08.05"]
[Round "1"]
[White "HEBDEN, MARK L:mhebden"]
[Black "Luo, Will:willluowin"]
[Result "1-0"]
[ICCResult "Black resigns"]
[WhiteElo "2554"]
[BlackElo "2011"]
[Opening "Queen's pawn: Torre attack"]
[ECO "A46"]
[NIC "QP.04"]
[Time "11:00:53"]
[PlyCount "51"]
[TimeControl "2400+10"]

1. d4 Nf6 2. Nf3 e6 3. Bg5 d5 4. e3 Nbd7 5. Nbd2 Be7 6. Bd3 O-O 7. h4 c5 8.
c3 b6 9. Ne5 Bb7 10. Qf3 Nxe5 11. dxe5 Nd7 12. Bf4 f6 13. Qh5 f5 14. Qe2 Qc7
15. Nf3 Rad8 16. Rg1 h5 17. O-O-O g6 18. Kb1 Nb8 19. Ng5 Bc8 20. g4 hxg4 21.
f3 Bxg5 22. Bxg5 Rd7 23. Bf4 Rff7 24. fxg4 Kf8 25. gxf5 gxf5 26. Qh5
{Black resigns}
1-0

[Event "ICC tourney 3254 (40 10)"]
[Site "Internet Chess Club"]
[Date "2023.08.05"]
[Round "1"]
[White "Vikas, Hema:madscience08"]
[Black "Guo, Anni:movingkid"]
[Result "0-1"]
[ICCResult "White resigns"]
[WhiteElo "1803"]
[BlackElo "2056"]
[Opening "Robatsch (modern) defense"]
[ECO "B06"]
[NIC "KF.05"]
[Time "11:00:51"]
[PlyCount "46"]
[TimeControl "2400+10"]

1. e4 g6 2. d4 Bg7 3. Nf3 d6 4. Bc4 e6 5. c3 a6 6. O-O b5 7. Bb3 Bb7 8. Re1
Nf6 9. e5 dxe5 10. Nxe5 O-O 11. Bg5 Qd6 12. Qd2 Ne4 13. Rxe4 Bxe4 14. Ng4
Nd7 15. Qe3 Bd5 16. Bc2 e5 17. Bh6 exd4 18. cxd4 Rfe8 19. Qd2 Nf6 20. Ne5
Bxh6 21. Qxh6 Ng4 22. Qh3 Nxe5 23. dxe5 Qxe5 {White resigns} 0-1

[Event "ICC tourney 3254 (40 10)"]
[Site "Internet Chess Club"]
[Date "2023.08.05"]
[Round "1"]
[White "ZHOU, JIANCHAO:TomCruise999"]
[Black "KOEHL, EVAN:MacAndSneeze"]
[Result "1-0"]
[ICCResult "Black resigns"]
[WhiteElo "2629"]
[BlackElo "2027"]
[Opening "Grünfeld: exchange variation"]
[ECO "D85"]
[NIC "GI.03"]
[Time "11:01:02"]
[PlyCount "81"]
[TimeControl "2400+10"]

1. d4 Nf6 2. c4 g6 3. Nc3 d5 4. cxd5 Nxd5 5. Bd2 Bg7 6. e4 Nxc3 7. Bxc3 c5
8. d5 O-O 9. Bxg7 Kxg7 10. Qd2 Qd6 11. Nf3 e6 12. Bc4 exd5 13. Bxd5 Nc6 14.
O-O-O Bg4 15. Qc3+ Qf6 16. Qxf6+ Kxf6 17. Bxc6 bxc6 18. Rd6+ Ke7 19. Rxc6
Bxf3 20. gxf3 Rfc8 21. Rxc8 Rxc8 22. Rd1 Rc6 23. Rd3 Rf6 24. Kd2 Rf4 25. Ke3
Rh4 26. Rd5 Rxh2 27. Rxc5 h5 28. Rc7+ Ke6 29. Rxa7 Rh1 30. Kf4 Rb1 31. Ra6+
Ke7 32. Rb6 Rg1 33. a4 h4 34. Rb8 f6 35. a5 h3 36. Rh8 Ra1 37. b4 Ra4 38.
Kg3 Rxb4 39. a6 Ra4 40. a7 h2 41. Kxh2 {Black resigns} 1-0

[Event "ICC tourney 3254 (40 10)"]
[Site "Internet Chess Club"]
[Date "2023.08.05"]
[Round "1"]
[White "DINESH, ABINAV:abi2009"]
[Black "Mitrabha, Guha:babysnake"]
[Result "0-1"]
[ICCResult "White checkmated"]
[WhiteElo "2012"]
[BlackElo "2565"]
[Opening "Caro-Kann: advance variation"]
[ECO "B12"]
[NIC "CK.04"]
[Time "11:05:36"]
[PlyCount "56"]
[TimeControl "2400+10"]

1. e4 c6 2. d4 d5 3. e5 Bf5 4. Nc3 e6 5. g4 Bg6 6. Nge2 c5 7. Ng3 cxd4 8.
Nb5 Nc6 9. f4 Be4 10. Rg1 Bc5 11. a3 d3 12. cxd3 Bxg1 13. Nd6+ Kf8 14. dxe4
Bxh2 15. Nh1 Qh4+ 16. Nf2 Bg3 17. Be3 Nh6 18. Qb3 Rb8 19. exd5 Nxg4 20. dxc6
Bxf2+ 21. Ke2 Bxe3 22. c7 Qf2+ 23. Kd3 Qd2+ 24. Ke4 Qd4+ 25. Kf3 Qxf4+ 26.
Ke2 Qf2+ 27. Kd3 Nxe5+ 28. Ke4 Qf4# {White checkmated} 0-1

[Event "ICC tourney 3254 (40 10)"]
[Site "Internet Chess Club"]
[Date "2023.08.05"]
[Round "1"]
[White "Cao, Frank Zhongtian:FrankCao"]
[Black "MARKOVIC, GORAN:Goran21"]
[Result "1-0"]
[ICCResult "Black checkmated"]
[WhiteElo "1786"]
[BlackElo "2049"]
[Opening "Alekhine's defense: modern, fianchetto variation"]
[ECO "B04"]
[NIC "AL.04"]
[Time "11:00:50"]
[PlyCount "115"]
[TimeControl "2400+10"]

1. e4 Nf6 2. e5 Nd5 3. d4 d6 4. Nf3 g6 5. c4 Nb6 6. exd6 cxd6 7. Nc3 Bg7 8.
Be2 O-O 9. O-O Nc6 10. h3 Bf5 11. Be3 Rc8 12. Rc1 Nb4 13. a3 Na6 14. b3 Nc7
15. Qd2 d5 16. c5 Nd7 17. b4 a6 18. a4 e5 19. dxe5 Nxe5 20. Nxe5 Bxe5 21.
Bd4 Bxd4 22. Qxd4 Re8 23. Bf3 Qg5 24. Nxd5 Nxd5 25. Qxd5 Rc7 26. Qd6 Rd7 27.
Qg3 Qd2 28. c6 bxc6 29. Bxc6 Rd3 30. Qc7 Rc8 31. Qb6 Qg5 32. Qxa6 Rxh3 33.
Rc5 Rd8 34. Rd5 Rf8 35. Qb5 Rh4 36. Re5 Qh6 37. g3 Rd4 38. Qc5 Qd2 39. Rd5
Rxd5 40. Bxd5 Bh3 41. Bg2 Bf5 42. a5 Rc8 43. Qb6 Bd3 44. Qd4 Rc4 45. Qd8+
Kg7 46. a6 Qc3 47. a7 Rd4 48. Qe8 Bxf1 49. a8=Q Bc4 50. Qf8+ Kf6 51. Qc6+
Kg5 52. Qe7+ Kh6 53. Qf8+ Kg5 54. Qcc5+ f5 55. Qce7+ Kh5 56. Qxh7+ Kg5 57.
Qfe7+ Kg4 58. Qhh4# {Black checkmated} 1-0

[Event "ICC tourney 3254 (40 10)"]
[Site "Internet Chess Club"]
[Date "2023.08.05"]
[Round "1"]
[White "INDUKURI, SUHAS VARMA:Suhas12"]
[Black "QUIRKE, JEFFREY L:PawnEatingZombi"]
[Result "0-1"]
[ICCResult "White checkmated"]
[WhiteElo "1876"]
[BlackElo "2180"]
[Opening "Two knights defense (Modern bishop's opening)"]
[ECO "C55"]
[NIC "IG.01"]
[Time "11:00:52"]
[PlyCount "98"]
[TimeControl "2400+10"]

1. e4 e5 2. Nf3 Nc6 3. Bc4 Nf6 4. d3 h6 5. O-O d6 6. c3 g5 7. h3 g4 8. hxg4
Bxg4 9. Nbd2 Rg8 10. Qb3 Na5 11. Bxf7+ Ke7 12. Bxg8 Nxb3 13. Bxb3 Qe8 14.
Nh2 Be2 15. Re1 Bxd3 16. Re3 Bb5 17. Ndf3 Qh5 18. Bd2 Bd7 19. Rae1 Re8 20.
R1e2 Kd8 21. Nf1 Be7 22. Ng3 Qg4 23. Nh2 Qg6 24. Nf3 Ng4 25. Rd3 h5 26. Nf1
h4 27. N1h2 Kc8 28. Re1 Rf8 29. Nxg4 Bxg4 30. Nh2 Bd7 31. Rf3 Rxf3 32. Nxf3
h3 33. g3 Bf6 34. Kh2 c6 35. c4 Bd8 36. c5 Bg4 37. Bd1 Qh5 38. Re3 d5 39.
exd5 e4 40. dxc6 bxc6 41. Rxe4 Bxf3 42. g4 Bc7+ 43. Bf4 Qxg4 44. Bg3 Qxe4
45. Bxc7 Bxd1 46. Kxh3 Kxc7 47. Kg3 Bf3 48. Kh2 Qg4 49. b4 Qg2#
{White checkmated}
0-1

[Event "ICC tourney 3254 (40 10)"]
[Site "Internet Chess Club"]
[Date "2023.08.05"]
[Round "1"]
[White "RALLABANDI, KRISHNA K:venkataralla"]
[Black "Wu, Zhuoyuan:Jake000"]
[Result "1-0"]
[ICCResult "Black resigns"]
[WhiteElo "2055"]
[BlackElo "1798"]
[Opening "QGD: exchange, positional line"]
[ECO "D35"]
[NIC "QO.16"]
[Time "11:01:05"]
[PlyCount "97"]
[TimeControl "2400+10"]

1. d4 d5 2. c4 e6 3. Nc3 Nf6 4. cxd5 exd5 5. Bg5 Nbd7 6. e3 c6 7. Bd3 Be7 8.
Qc2 h6 9. Bh4 Nh5 10. Bxe7 Qxe7 11. Nge2 Nhf6 12. O-O O-O 13. Rae1 c5 14.
Bf5 g6 15. Bh3 Nb6 16. Bxc8 Raxc8 17. Rd1 Rc6 18. Qb3 c4 19. Qc2 Re8 20.
Rfe1 Na8 21. Ng3 Re6 22. Rd2 Nc7 23. Rde2 b5 24. f3 b4 25. Na4 Nb5 26. Nc5
Rc6 27. Qd2 Rxc5 28. Qxb4 Nc7 29. dxc5 Na6 30. Qc3 Nxc5 31. e4 dxe4 32. Qxc4
Nd3 33. Nxe4 Nxe4 34. Rxe4 Nxe1 35. Rxe7 Rxe7 36. Kf2 Re8 37. b4 g5 38. a4
h5 39. b5 Re5 40. Qc3 Kf8 41. a5 Re6 42. Qxe1 Rxe1 43. Kxe1 Ke7 44. b6 axb6
45. a6 f5 46. a7 b5 47. a8=Q Kd6 48. Qd8+ Kc5 49. Qxg5 {Black resigns} 1-0

[Event "ICC tourney 3254 (40 10)"]
[Site "Internet Chess Club"]
[Date "2023.08.05"]
[Round "1"]
[White "TAO, SIHAN:pangpangba"]
[Black "LOCHAM, DIVJOT SINGH:winner08"]
[Result "1-0"]
[ICCResult "Black checkmated"]
[WhiteElo "2180"]
[BlackElo "1868"]
[Opening "English: Anglo-Grünfeld, Czech defense"]
[ECO "A15"]
[NIC "EO.53"]
[Time "11:00:49"]
[PlyCount "117"]
[TimeControl "2400+10"]

1. c4 Nf6 2. g3 g6 3. Bg2 d5 4. cxd5 Nxd5 5. Nc3 Nb6 6. Nf3 Bg7 7. O-O O-O
8. b3 Bg4 9. Bb2 Qd7 10. d4 Nc6 11. Ne5 Nxe5 12. dxe5 Bxe5 13. Qxd7 Nxd7 14.
Bxb7 Bxe2 15. Nxe2 Bxb2 16. Bxa8 Bxa1 17. Bc6 Nb8 18. Rxa1 Nxc6 19. Rc1 Nb4
20. Rxc7 a6 21. a3 Nd5 22. Rc5 e6 23. Nc3 Nxc3 24. Rxc3 Rd8 25. Kg2 Kg7 26.
b4 Rd5 27. Rb3 Kf6 28. a4 Ke7 29. b5 axb5 30. axb5 Rd8 31. b6 Rb8 32. b7 Kd6
33. Kf3 Ke5 34. Rb5+ Kd4 35. Kf4 f6 36. Rb4+ Kc5 37. Rb1 Kd4 38. Rd1+ Kc5
39. Rd7 Kc6 40. Re7 e5+ 41. Ke4 Rxb7 42. Rxb7 Kxb7 43. Kd5 Kb6 44. Ke6 Kc5
45. Kxf6 e4 46. Kg7 Kd4 47. Kxh7 g5 48. Kg6 Kd3 49. Kxg5 Ke2 50. Kf4 Kxf2
51. Kxe4 Kg2 52. g4 Kxh2 53. g5 Kh3 54. g6 Kh4 55. g7 Kg3 56. g8=Q+ Kf2 57.
Qg4 Kf1 58. Ke3 Ke1 59. Qe2# {Black checkmated} 1-0

[Event "ICC tourney 3254 (40 10)"]
[Site "Internet Chess Club"]
[Date "2023.08.05"]
[Round "1"]
[White "YU, AVERY:Averyyu321"]
[Black "Volkov, Sergey:Volkov"]
[Result "1-0"]
[ICCResult "Black resigns"]
[WhiteElo "1997"]
[BlackElo "2501"]
[Opening "French: Tarrasch, open variation"]
[ECO "C07"]
[NIC "FR.19"]
[Time "11:01:04"]
[PlyCount "167"]
[TimeControl "2400+10"]

1. e4 e6 2. d4 d5 3. Nd2 c5 4. exd5 Qxd5 5. Ngf3 cxd4 6. Bc4 Qd6 7. O-O Nf6
8. Nb3 Nc6 9. Nbxd4 Nxd4 10. Nxd4 Bd7 11. Re1 Be7 12. Be3 O-O 13. Qe2 Qe5
14. Rad1 Rac8 15. h3 a6 16. c3 Rfd8 17. Bb3 h6 18. Qf3 Qc7 19. Bf4 Qb6 20.
Nf5 Bf8 21. Nxh6+ gxh6 22. Be3 Qc6 23. Qxf6 Bg7 24. Qh4 e5 25. Bd5 Qg6 26.
Bxb7 Rb8 27. Be4 f5 28. Bd5+ Kh8 29. Qg3 Qh5 30. Bf3 Qf7 31. Qh4 Qf8 32. Bg5
e4 33. Bxd8 Rxd8 34. Be2 Bf6 35. Qf4 Qg7 36. Bc4 Be5 37. Qe3 Rc8 38. Rxd7
Qxd7 39. Qxh6+ Qh7 40. Qe6 Qc7 41. Qh6+ Qh7 42. Qxa6 Rf8 43. Rd1 Qh5 44. Be2
Qg5 45. Qe6 Bf4 46. Rd5 e3 47. Qb6 exf2+ 48. Kf1 Bg3 49. Qd4+ Kh7 50. Rd7+
Kh6 51. Qd2 Bf4 52. Qd5 Rg8 53. Rf7 Bg3 54. Rxf5 Qc1+ 55. Bd1 Qe3 56. Rh5+
Kg7 57. Qg5+ Qxg5 58. Rxg5+ Kf8 59. Rxg8+ Kxg8 60. a4 Kf7 61. b4 Ke6 62. Be2
Kd6 63. c4 Kc7 64. a5 Be5 65. Kxf2 Bc3 66. b5 Bxa5 67. g4 Kd6 68. Kg3 Ke5
69. h4 Be1+ 70. Kh3 Bf2 71. h5 Kf4 72. h6 Bd4 73. h7 Kg5 74. b6 Kh6 75. Bd3
Kg7 76. b7 Be5 77. c5 Bb8 78. c6 Bc7 79. Kh4 Bb8 80. g5 Bc7 81. Kg4 Bb8 82.
g6 Bc7 83. Kf5 Bb8 84. Ke6 {Black resigns} 1-0

[Event "ICC tourney 3254 (40 10)"]
[Site "Internet Chess Club"]
[Date "2023.08.05"]
[Round "1"]
[White "LIANG, YU-CHENG:Yucheng"]
[Black "Windram, James Alexander:Cypsiurus"]
[Result "1-0"]
[ICCResult "Black resigns"]
[WhiteElo "2213"]
[BlackElo "1932"]
[Opening "Nimzo-Indian: 4.e3 O-O, 5.Bd3"]
[ECO "E47"]
[NIC "NI.11"]
[Time "11:01:04"]
[PlyCount "63"]
[TimeControl "2400+10"]

1. d4 Nf6 2. c4 e6 3. Nc3 Bb4 4. e3 O-O 5. Bd3 Re8 6. Ne2 d5 7. O-O Nbd7 8.
Qb3 Bd6 9. cxd5 exd5 10. Nxd5 Nxd5 11. Qxd5 Nc5 12. Bxh7+ Kxh7 13. Qh5+ Kg8
14. dxc5 Re5 15. Qf3 Rxc5 16. Ng3 Bd7 17. Rd1 Bc6 18. e4 Qh4 19. Be3 Rc2 20.
Bd4 Re8 21. Re1 Re6 22. Qd3 Bxg3 23. hxg3 Qd8 24. Qxc2 Qxd4 25. Rad1 Qe5 26.
f4 Qh5 27. Kf2 g6 28. Qc3 Qg4 29. Rh1 f6 30. Rd8+ Kg7 31. Rdh8 g5 32. f5
{Black resigns}
1-0

[Event "ICC tourney 3254 (40 10)"]
[Site "Internet Chess Club"]
[Date "2023.08.05"]
[Round "1"]
[White "OPASKA, MICHAEL:mopaska1106"]
[Black "VALE CRUZ, ARMIN:trucker"]
[Result "1-0"]
[ICCResult "Black resigns"]
[WhiteElo "2040"]
[BlackElo "1738"]
[Opening "Grünfeld: modern exchange variation"]
[ECO "D85"]
[NIC "GI.04"]
[Time "11:00:54"]
[PlyCount "97"]
[TimeControl "2400+10"]

1. d4 Nf6 2. c4 g6 3. Nc3 d5 4. cxd5 Nxd5 5. e4 Nxc3 6. bxc3 Bg7 7. Nf3 c5
8. Be3 Nc6 9. Rc1 Bg4 10. d5 Ne5 11. Be2 Nxf3+ 12. gxf3 Bd7 13. Bxc5 O-O 14.
Bd4 Qa5 15. Bxg7 Kxg7 16. Qd2 e6 17. c4 Qc5 18. O-O b6 19. Rfd1 e5 20. Qe3
Qe7 21. c5 bxc5 22. Rxc5 Rac8 23. Rdc1 Rxc5 24. Rxc5 Rb8 25. f4 exf4 26.
Qxf4 Rb2 27. d6 Qe6 28. Bf1 Rb1 29. e5 Re1 30. Qg3 Qxa2 31. Qc3 Qe2 32. e6+
f6 33. Qxe1 Qxe1 34. exd7 Qb4 35. Bc4 Qxc5 36. d8=Q Qg5+ 37. Kf1 Qc1+ 38.
Kg2 Qg5+ 39. Kf3 Qf5+ 40. Ke3 Qc5+ 41. Kd3 Qf5+ 42. Kc3 Qe5+ 43. Kb3 Kh6 44.
Qf8+ Kh5 45. Qe7 Qc5 46. Qe2+ Kh4 47. Qe4+ Kh5 48. Be2+ Kg5 49. Qe3+
{Black resigns}
1-0

[Event "ICC tourney 3254 (40 10)"]
[Site "Internet Chess Club"]
[Date "2023.08.05"]
[Round "2"]
[White "Mitrabha, Guha:babysnake"]
[Black "RALLABANDI, KRISHNA K:venkataralla"]
[Result "1-0"]
[ICCResult "Black resigns"]
[WhiteElo "2565"]
[BlackElo "2055"]
[Opening "Queen's bishop game"]
[ECO "D02"]
[NIC "QP.08"]
[Time "13:15:18"]
[PlyCount "43"]
[TimeControl "2400+10"]

1. d4 d5 2. Nf3 Nf6 3. Bf4 g6 4. c4 c6 5. cxd5 cxd5 6. Nc3 Nc6 7. h3 Bg7 8.
e3 O-O 9. Be2 Qb6 10. a3 Bf5 11. Na4 Qd8 12. Rc1 Rc8 13. O-O Ne4 14. Qb3 Na5
15. Qb4 a6 16. Qb6 Bd7 17. Rxc8 Bxc8 18. Bc7 Qd7 19. Qxa5 b5 20. Nc3 Nxc3
21. Qxc3 Bb7 22. Be5 {Black resigns} 1-0

[Event "ICC tourney 3254 (40 10)"]
[Site "Internet Chess Club"]
[Date "2023.08.05"]
[Round "2"]
[White "Volkov, Sergey:Volkov"]
[Black "YI, COLIN:handsomematch"]
[Result "1-0"]
[ICCResult "Black checkmated"]
[WhiteElo "2501"]
[BlackElo "1578"]
[Opening "Nimzo-Indian: Kmoch variation"]
[ECO "E20"]
[NIC "NI.30"]
[Time "13:15:21"]
[PlyCount "73"]
[TimeControl "2400+10"]

1. d4 Nf6 2. c4 e6 3. Nc3 Bb4 4. f3 d5 5. a3 Bxc3+ 6. bxc3 O-O 7. cxd5 exd5
8. e3 Re8 9. Bd3 c5 10. Ne2 Nc6 11. O-O cxd4 12. cxd4 Qd6 13. Ng3 g6 14. Re1
Nd7 15. Bb2 f5 16. e4 fxe4 17. fxe4 dxe4 18. Bc4+ Kg7 19. Nxe4 Qf4 20. g3
Qc7 21. Rc1 Qb6 22. Ba1 Nde5 23. Rb1 Nxc4 24. Rxb6 axb6 25. d5+ N6e5 26. Nd6
Nxd6 27. Bxe5+ Rxe5 28. Rxe5 Rxa3 29. Re7+ Kg8 30. Qd4 Nf5 31. Re8+ Kf7 32.
Qh8 Ra1+ 33. Kf2 Ra2+ 34. Ke1 Ra1+ 35. Kd2 Ra2+ 36. Kc1 Bd7 37. Qf8#
{Black checkmated}
1-0

[Event "ICC tourney 3254 (40 10)"]
[Site "Internet Chess Club"]
[Date "2023.08.05"]
[Round "2"]
[White "Guo, Anni:movingkid"]
[Black "HEBDEN, MARK L:mhebden"]
[Result "0-1"]
[ICCResult "White checkmated"]
[WhiteElo "2056"]
[BlackElo "2554"]
[Opening "Ruy Lopez: exchange variation, 5.O-O"]
[ECO "C68"]
[NIC "RL.08"]
[Time "13:15:25"]
[PlyCount "44"]
[TimeControl "2400+10"]

1. e4 e5 2. Nf3 Nc6 3. Bb5 a6 4. Bxc6 dxc6 5. O-O Bd6 6. d4 exd4 7. Qxd4 f6
8. e5 fxe5 9. Nxe5 Ne7 10. Bg5 Be6 11. Re1 O-O 12. Nf3 Rxf3 13. Qe4 Bd5 14.
Bxe7 Qd7 15. Qe2 Re8 16. gxf3 Rxe7 17. Qd2 Qh3 18. Re3 Bxh2+ 19. Kh1 Bxf3+
20. Rxf3 Bg3+ 21. Kg1 Qh2+ 22. Kf1 Qh1# {White checkmated} 0-1

[Event "ICC tourney 3254 (40 10)"]
[Site "Internet Chess Club"]
[Date "2023.08.05"]
[Round "2"]
[White "Wu, Zhuoyuan:Jake000"]
[Black "DINESH, ABINAV:abi2009"]
[Result "1-0"]
[ICCResult "Black resigns"]
[WhiteElo "1798"]
[BlackElo "2012"]
[Opening "Vienna game"]
[ECO "C28"]
[NIC "IG.04"]
[Time "13:15:05"]
[PlyCount "51"]
[TimeControl "2400+10"]

1. e4 e5 2. Bc4 Nc6 3. Nc3 Nf6 4. d3 Bc5 5. Bg5 h6 6. Bh4 g5 7. Bg3 d6 8. a3
Bg4 9. Qd2 Nh5 10. Nge2 Nf4 11. Bxf4 gxf4 12. Nd5 Bxe2 13. Qxe2 Nd4 14. Qh5
c6 15. Nb6 Qxb6 16. Qxf7+ Kd8 17. Qf6+ Kc7 18. Qg7+ Kd8 19. Qxh8+ Kd7 20.
Qg7+ Kd8 21. Qf8+ Kd7 22. Qf7+ Kd8 23. O-O Rc8 24. b4 Ne2+ 25. Kh1 Bxf2 26.
Be6 {Black resigns} 1-0

[Event "ICC tourney 3254 (40 10)"]
[Site "Internet Chess Club"]
[Date "2023.08.05"]
[Round "2"]
[White "MARKOVIC, GORAN:Goran21"]
[Black "INDUKURI, SUHAS VARMA:Suhas12"]
[Result "1-0"]
[ICCResult "Black forfeits on time"]
[WhiteElo "2049"]
[BlackElo "1876"]
[Opening "Sicilian defense"]
[ECO "B40"]
[NIC "SI.43"]
[Time "13:15:50"]
[PlyCount "123"]
[TimeControl "2400+10"]

1. e4 c5 2. Nf3 e6 3. d3 d5 4. Nbd2 Nc6 5. g3 Qc7 6. Bg2 Nf6 7. O-O Be7 8.
Re1 O-O 9. Qe2 d4 10. e5 Nd5 11. a3 b5 12. Nf1 Bb7 13. h4 Rad8 14. N1h2 Rfe8
15. Ng4 Bf8 16. Ng5 h6 17. Nh3 Nde7 18. h5 Nf5 19. Be4 Nce7 20. Qf3 Bxe4 21.
dxe4 Qc6 22. Nh2 d3 23. exf5 d2 24. Bxd2 Rxd2 25. fxe6 fxe6 26. Rac1 Red8
27. Nf4 a5 28. Ng6 Qxf3 29. Nxf3 R2d5 30. Nf4 R5d7 31. Nxe6 Rc8 32. Rcd1
Rxd1 33. Rxd1 Kf7 34. Nf4 c4 35. c3 Nc6 36. e6+ Kg8 37. Rd5 b4 38. axb4 axb4
39. Ng6 b3 40. Rd7 Re8 41. Rc7 Rxe6 42. Rc8 Rf6 43. Nxf8 Ne7 44. Rb8 Nc6 45.
Rc8 Ne7 46. Ra8 Rxf8 47. Rxf8+ Kxf8 48. Ne5 Ke8 49. Nxc4 Nd5 50. Kf1 Kd7 51.
Ke2 Kc6 52. Kd3 Nf6 53. Nd2 Nxh5 54. Nxb3 Nf6 55. Nd2 Ng4 56. Ke2 g5 57. Nc4
Kc5 58. b3 Nf6 59. Kd3 h5 60. Ne3 h4 61. Nf1 h3 62. Nh2 {Black forfeits on
time} 1-0

[Event "ICC tourney 3254 (40 10)"]
[Site "Internet Chess Club"]
[Date "2023.08.05"]
[Round "2"]
[White "QUIRKE, JEFFREY L:PawnEatingZombi"]
[Black "Cao, Frank Zhongtian:FrankCao"]
[Result "1-0"]
[ICCResult "Black resigns"]
[WhiteElo "2180"]
[BlackElo "1786"]
[Opening "QGD: semi-Slav"]
[ECO "D31"]
[NIC "SL.06"]
[Time "13:15:06"]
[PlyCount "67"]
[TimeControl "2400+10"]

1. d4 d5 2. c4 e6 3. Nc3 c6 4. e3 Nf6 5. b3 Nbd7 6. Bb2 Bd6 7. Bd3 O-O 8.
Nge2 b6 9. O-O Bb7 10. Ng3 c5 11. cxd5 Nxd5 12. Nxd5 Bxd5 13. e4 Bxg3 14.
exd5 Bc7 15. dxe6 fxe6 16. Qg4 cxd4 17. Qxe6+ Kh8 18. Qh3 Nf6 19. Rad1 Re8
20. Bg6 Re2 21. Bxd4 h6 22. Be5 Qe7 23. Bxc7 Qxc7 24. Qf3 Rae8 25. Bxe8 Rxe8
26. h3 Ne4 27. Rfe1 Qc2 28. Rd4 Nd6 29. Rxe8+ Nxe8 30. Qf8+ Kh7 31. Qxe8
Qc1+ 32. Kh2 Qc7+ 33. g3 Qc2 34. Qe4+ {Black resigns} 1-0

[Event "ICC tourney 3254 (40 10)"]
[Site "Internet Chess Club"]
[Date "2023.08.05"]
[Round "2"]
[White "TAO, SIHAN:pangpangba"]
[Black "ZHOU, JIANCHAO:TomCruise999"]
[Result "0-1"]
[ICCResult "White resigns"]
[WhiteElo "2180"]
[BlackElo "2629"]
[Opening "English, 1...Nf6 (Anglo-Indian defense)"]
[ECO "A15"]
[NIC "EO.64"]
[Time "13:15:30"]
[PlyCount "63"]
[TimeControl "2400+10"]

1. c4 Nf6 2. g3 c6 3. Bg2 d5 4. Nf3 dxc4 5. Qc2 b5 6. a4 Bb7 7. b3 cxb3 8.
Qxb3 a6 9. Ba3 Nbd7 10. O-O e6 11. Bxf8 Nxf8 12. Nc3 Ng6 13. Ng5 Qe7 14.
axb5 cxb5 15. Bxb7 Qxb7 16. Qa3 h6 17. Rfb1 hxg5 18. Nxb5 Qe7 19. Nd6+ Kf8
20. Rb7 Nd7 21. Nxf7 Qxa3 22. Rxa3 Kxf7 23. Rxd7+ Ne7 24. Rd6 a5 25. Rf3+
Nf5 26. g4 Ke7 27. Rc6 Nd4 28. Rc7+ Kd6 29. Rff7 Nxe2+ 30. Kg2 Nf4+ 31. Kf3
Nd5 32. Rxg7 {White resigns} 0-1

[Event "ICC tourney 3254 (40 10)"]
[Site "Internet Chess Club"]
[Date "2023.08.05"]
[Round "2"]
[White "Windram, James Alexander:Cypsiurus"]
[Black "VALE CRUZ, ARMIN:trucker"]
[Result "1-0"]
[ICCResult "Black resigns"]
[WhiteElo "1932"]
[BlackElo "1738"]
[Opening "Réti: King's Indian attack"]
[ECO "A08"]
[NIC "QP.09"]
[Time "13:15:50"]
[PlyCount "75"]
[TimeControl "2400+10"]

1. Nf3 d5 2. g3 c5 3. Bg2 Nc6 4. d4 Nf6 5. O-O e6 6. c4 dxc4 7. Ne5 Nxe5 8.
dxe5 Nd7 9. Bf4 Be7 10. Na3 O-O 11. Nxc4 Rb8 12. a4 b6 13. Qd3 Qc7 14. Rfd1
Rd8 15. Nd6 g5 16. Nb5 Ba6 17. Nxc7 Bxd3 18. Rxd3 gxf4 19. gxf4 Rbc8 20. Nb5
c4 21. Rg3+ Kh8 22. Nxa7 Rc7 23. Nc6 Re8 24. Nxe7 Rxe7 25. Rc1 f6 26. exf6
Nxf6 27. Rgc3 Red7 28. Rxc4 Rd1+ 29. Rxd1 Rxc4 30. Bf3 Kg7 31. Rd6 Rb4 32.
Rxe6 Rxb2 33. Re7+ Kg6 34. Rb7 Kf5 35. a5 b5 36. a6 Kxf4 37. Rf7 Ke5 38. a7
{Black resigns}
1-0

[Event "ICC tourney 3254 (40 10)"]
[Site "Internet Chess Club"]
[Date "2023.08.05"]
[Round "2"]
[White "YU, AVERY:Averyyu321"]
[Black "LIANG, YU-CHENG:Yucheng"]
[Result "0-1"]
[ICCResult "White resigns"]
[WhiteElo "1997"]
[BlackElo "2213"]
[Opening "Caro-Kann: classical, Spassky variation"]
[ECO "B19"]
[NIC "CK.12"]
[Time "13:15:07"]
[PlyCount "94"]
[TimeControl "2400+10"]

1. e4 c6 2. d4 d5 3. Nc3 dxe4 4. Nxe4 Bf5 5. Ng3 Bg6 6. h4 h6 7. Nf3 Nd7 8.
h5 Bh7 9. Bd3 Bxd3 10. Qxd3 e6 11. Bd2 Qc7 12. O-O-O Ngf6 13. Ne4 O-O-O 14.
g3 Nxe4 15. Qxe4 Nf6 16. Qe2 Bd6 17. c4 c5 18. Kb1 cxd4 19. Nxd4 a6 20. Be3
Bc5 21. Nb3 Bxe3 22. Qxe3 Rxd1+ 23. Rxd1 Rd8 24. Rc1 Kb8 25. c5 Nd5 26. Qf3
Nb4 27. Qc3 Nd3 28. Rc2 Qe5 29. Qc4 Qe1+ 30. Nc1 Nxc1 31. Rxc1 Rd1 32. Rxd1
Qxd1+ 33. Qc1 Qxh5 34. a3 Qf5+ 35. Ka1 Qxf2 36. Qc3 f6 37. c6 Qb6 38. cxb7
Qxb7 39. Qe3 Qh1+ 40. Ka2 Qd5+ 41. Ka1 Kb7 42. Qc3 a5 43. b4 Qe5 44. Qxe5
fxe5 45. bxa5 h5 46. Kb2 g5 47. Kc3 h4 {White resigns} 0-1

[Event "ICC tourney 3254 (40 10)"]
[Site "Internet Chess Club"]
[Date "2023.08.05"]
[Round "2"]
[White "Luo, Will:willluowin"]
[Black "Vikas, Hema:madscience08"]
[Result "1-0"]
[ICCResult "Black resigns"]
[WhiteElo "2011"]
[BlackElo "1803"]
[Opening "English opening"]
[ECO "A20"]
[NIC "EO.24"]
[Time "13:15:50"]
[PlyCount "107"]
[TimeControl "2400+10"]

1. c4 e5 2. g3 Nf6 3. Bg2 Bc5 4. Nc3 O-O 5. Nf3 Re8 6. O-O c6 7. d4 exd4 8.
Nxd4 Na6 9. a3 Nc7 10. b4 Bf8 11. e4 d6 12. Re1 Bg4 13. f3 Bh5 14. Bf4 Ne6
15. Nxe6 fxe6 16. e5 dxe5 17. Bxe5 Nd7 18. Bd6 Nb6 19. Bxf8 Rxf8 20. c5 Qxd1
21. Raxd1 Nd5 22. Nxd5 exd5 23. g4 Bg6 24. Re7 Rab8 25. Rde1 Rfe8 26. f4 Kf8
27. Rxe8+ Rxe8 28. Rxe8+ Kxe8 29. Kf2 Ke7 30. Ke3 Kf6 31. Kd4 Bc2 32. h4 Bd1
33. Bh3 Ba4 34. g5+ Kg6 35. f5+ Kf7 36. Ke5 h6 37. f6 hxg5 38. Be6+ Kf8 39.
hxg5 gxf6+ 40. Kxf6 Bc2 41. g6 Bxg6 42. Kxg6 Ke7 43. Kf5 Kd8 44. Ke5 Kc7 45.
a4 b6 46. Bxd5 bxc5 47. bxc5 cxd5 48. Kxd5 a5 49. Kd4 Kd7 50. Kd5 Kc7 51. c6
Kc8 52. Kc4 Kb8 53. Kb5 Kc7 54. Kc5 {Black resigns} 1-0

[Event "ICC tourney 3254 (40 10)"]
[Site "Internet Chess Club"]
[Date "2023.08.05"]
[Round "2"]
[White "KOEHL, EVAN:MacAndSneeze"]
[Black "LOCHAM, DIVJOT SINGH:winner08"]
[Result "1-0"]
[ICCResult "Black forfeits on time"]
[WhiteElo "2027"]
[BlackElo "1868"]
[Opening "Scotch: Mieses variation"]
[ECO "C45"]
[NIC "SO.04"]
[Time "13:15:38"]
[PlyCount "65"]
[TimeControl "2400+10"]

1. e4 e5 2. Nf3 Nc6 3. d4 exd4 4. Nxd4 Nf6 5. Nxc6 bxc6 6. e5 Nd5 7. c4 Nb6
8. Be3 Ba6 9. Nd2 Bb4 10. Qg4 Qe7 11. Qxg7 O-O-O 12. Rc1 Qh4 13. Qg3 Qe4 14.
Qf4 Qg6 15. g3 d6 16. Bh3+ Kb8 17. exd6 Rxd6 18. O-O Bxd2 19. Bxd2 Qd3 20.
Bc3 Re8 21. Bf5 Qxc4 22. Qxc4 Bxc4 23. Rfe1 Rxe1+ 24. Rxe1 Bxa2 25. Bxh7 Be6
26. h4 Nd5 27. Be5 Rd8 28. Bc2 Nb4 29. Bb1 Bg4 30. Re4 Na6 31. Rxg4 Rd1+ 32.
Kg2 Rxb1 33. h5 {Black forfeits on time} 1-0